[Event "Friday 20 April Rapid Engine Tour 12+1 Rounds 9 Starts 1600ST"]
[Site "Infinity Chess"]
[Date "2018.4.20"]
[Round "1"]
[White "MarioDeMonti"]
[Black "hafaba"]
[Result "1/2-1/2"]
[ECO "C53"]
[WhiteElo "2484"]
[BlackElo "2452"]
[WhiteEngine "stockfish_x64_bmi2_2018_02_18_CTG"]
[BlackEngine "Eman 1.70-beta21 64-bit POPCNT_CTG"]
[EventType "Swiss"]
[WhiteTeam ""]
[BlackTeam ""]
[PlyCount "102"]
[TimeControl "720+1"]

1. e4 e5 2. Nf3 Nc6 3. Bc4 Bc5 4. c3 Nf6 5. d3 d6 6. O-O a5 7. Re1 O-O 8. h3 h6 
9. Nbd2 Be6 10. a4 Ba7 11. b3 d5 12. exd5 Nxd5 13. Ne4 Re8 14. Bd2 Nf6 
15. Qe2 Qe7 16. Bb5 Bxb3 17. c4 Nxe4 18. Qxe4 Rad8 19. Rac1 f5 20. Qxf5 Rf8 
21. Qg4 Nd4 22. Nxe5 Nxb5 23. Nf3 Bxf2+ 24. Kxf2 Qc5+ 25. Be3 Nd4 26. Rb1 Bxa4 
27. Rxb7 Rf6 28. Bxd4 Rxd4 29. Rxc7 Qxc7 30. Qxd4 Bc6 31. Qe5 Qb7 32. Re3 a4 
33. d4 Bxf3 34. Rxf3 Rxf3+ 35. gxf3 a3 36. Qa5 Qb2+ 37. Kg3 a2 38. Qa8+ Kf7 
39. Qd5+ Kf6 40. Qd8+ Kf7 41. Qc7+ Ke6 42. Qc6+ Kf7 43. Qc7+ Ke6 44. Qc8+ Kf7 
45. Qf5+ Kg8 46. Qe6+ Kh7 47. Qf5+ Kg8 48. Qe6+ Kh7 49. Qe4+ Kg8 50. Qd5+ Kh7 
51. Qf5+ Kg8 1/2-1/2

[Event "Friday 20 April Rapid Engine Tour 12+1 Rounds 9 Starts 1600ST"]
[Site "Infinity Chess"]
[Date "2018.4.20"]
[Round "1"]
[White "RonWeasley"]
[Black "SkyPilot"]
[Result "1/2-1/2"]
[ECO "E73"]
[WhiteElo "2454"]
[BlackElo "2485"]
[WhiteEngine "BrainFish 180418_CTG"]
[BlackEngine "stockfish_x64_bmi2_2018_04_07_CTG"]
[EventType "Swiss"]
[WhiteTeam ""]
[BlackTeam ""]
[PlyCount "139"]
[TimeControl "720+1"]

1. d4 Nf6 2. c4 g6 3. Nc3 Bg7 4. e4 d6 5. Be2 O-O 6. Nf3 e5 7. O-O Nc6 8. d5 Ne7 
9. Ne1 Ne8 10. f3 f5 11. Be3 f4 12. Bf2 g5 13. c5 dxc5 14. Bxc5 b6 15. Ba3 Nd6 
16. Nd3 a6 17. Nf2 h5 18. Rc1 Rf6 19. Bb4 Kh8 20. a4 c6 21. Ba3 Rg6 22. h3 Bb7 
23. Bd3 Bc8 24. Qe2 b5 25. Bc5 b4 26. Nb1 cxd5 27. exd5 Nef5 28. Qc2 Rh6 
29. Rfe1 Bd7 30. Bxb4 Ne3 31. Qc7 Nxd5 32. Qxd8+ Rxd8 33. Bxd6 Rxd6 34. Ne4 Rh6 
35. Nxg5 Be8 36. Be4 Ne3 37. h4 Rb6 38. Na3 Rxb2 39. Kh1 Rbb8 40. Nc4 Rdc8 
41. Nd6 Rxc1 42. Rxc1 Bxa4 43. Rc7 Bb3 44. Ra7 a5 45. Rxa5 Bf6 46. Kh2 Rg8 
47. Rb5 Ba2 48. Rb7 Rg7 49. Rb8+ Rg8 50. Rb7 Rg7 51. Rxg7 Bxg7 52. Kh3 Bf6 
53. Bg6 Be7 54. Ndf7+ Kg7 55. Bxh5 Bxg5 56. Nxg5 Bd5 57. Ne4 Kh6 58. Nf6 Bc4 
59. g3 fxg3 60. Kxg3 Nf5+ 61. Kf2 Nxh4 62. Bg4 Kg5 63. Ne4+ Kf4 64. Nc5 Kg5 
65. Ne4+ Kf4 66. Nc5 Nf5 67. Bxf5 Kxf5 68. Nd7 Ke6 69. Nc5+ Kd5 70. Ne4 1/2-1/2

[Event "Friday 20 April Rapid Engine Tour 12+1 Rounds 9 Starts 1600ST"]
[Site "Infinity Chess"]
[Date "2018.4.20"]
[Round "1"]
[White "Harry_Potter"]
[Black "star99"]
[Result "1/2-1/2"]
[ECO "C42"]
[WhiteElo "2487"]
[BlackElo "2456"]
[WhiteEngine "Stockfish_x64_bmi2_CTG"]
[BlackEngine "Cryptic Heroes 9.4B"]
[EventType "Swiss"]
[WhiteTeam ""]
[BlackTeam ""]
[PlyCount "91"]
[TimeControl "720+1"]

1. e4 e5 2. Nf3 Nf6 3. Nxe5 d6 4. Nf3 Nxe4 5. d4 d5 6. Bd3 Nc6 7. Nbd2 Nd6 
8. c3 Bf5 9. Nf1 Bxd3 10. Qxd3 Ne7 11. h4 h5 12. Bf4 Qd7 13. Ne3 f6 14. O-O c6 
15. Rae1 Kf7 16. Re2 Re8 17. Rfe1 Nef5 18. Nxf5 Rxe2 19. Nh6+ Rxh6 20. Rxe2 Rh8 
21. Bxd6 Bxd6 22. g3 g6 23. Ne5+ fxe5 24. dxe5 Re8 25. exd6 Rxe2 26. Qxe2 Qxd6 
27. a3 Qe6 28. Qf3+ Qf5 29. Qe3 b6 30. Kg2 Qe4+ 31. Qxe4 dxe4 32. f3 exf3+ 
33. Kxf3 b5 34. g4 Kf6 35. gxh5 gxh5 36. Ke4 Ke6 37. Kd4 Kd6 38. c4 c5+ 
39. Kc3 a6 40. b3 Kc6 41. cxb5+ axb5 42. a4 bxa4 43. bxa4 Kd5 44. a5 Kd6 
45. a6 Kc6 46. a7 1/2-1/2

[Event "Friday 27 April Rapid Engine Tour 12+1 Rounds 9 Starts 1600ST"]
[Site "Infinity Chess"]
[Date "2018.4.27"]
[Round "9"]
[White "ocirema"]
[Black "KQRBNP"]
[Result "1/2-1/2"]
[ECO "E15"]
[WhiteElo "2436"]
[BlackElo "2332"]
[WhiteEngine "asmFishW_2018-04-24_popcnt"]
[BlackEngine "Eman 1.70-beta27 64-bit POPCNT"]
[EventType "Swiss"]
[WhiteTeam ""]
[BlackTeam ""]
[PlyCount "180"]
[TimeControl "720+1"]

1. d4 Nf6 2. c4 e6 3. Nf3 b6 4. g3 Ba6 5. b3 Bb4+ 6. Bd2 Be7 7. Bg2 d5 
8. O-O O-O 9. cxd5 exd5 10. Nc3 Nbd7 11. Nh4 g6 12. Nxd5 Nxd5 13. Bxd5 Rc8 
14. Ng2 Nf6 15. Bf3 Qxd4 16. Bf4 Qxd1 17. Rfxd1 Rfe8 18. Ne3 Ba3 19. Kf1 Bc5 
20. Nd5 Nxd5 21. Rxd5 Re7 22. Bg5 Re6 23. Bg4 f5 24. Bf3 Rd6 25. Rad1 Kf8 
26. Bf4 Rxd5 27. Bxd5 Bd6 28. Bc6 Rd8 29. Bxd6+ cxd6 30. Rd4 Bc8 31. Rh4 Bd7 
32. Bxd7 Rxd7 33. Rc4 Ke8 34. Ke1 Re7 35. Rc8+ Kd7 36. Ra8 Kc6 37. Kd2 Rc7 
38. a3 Kd5 39. h4 Ke5 40. Re8+ Kf6 41. Rb8 Kf7 42. Kd3 Ke6 43. Rh8 Kf6 
44. Kd2 Ke5 45. Kd3 Ke6 46. Re8+ Kd5 47. Kd2 Kd4 48. Rg8 Kd5 49. Rf8 Ke6 
50. Re8+ Kf7 51. Rh8 Kf6 52. Ra8 Rb7 53. Rg8 Rc7 54. Rb8 Ke6 55. Re8+ Kf7 
56. Rd8 Ke6 57. Rh8 Kf6 58. Kd3 Ke6 59. Rg8 Rc5 60. Rg7 Rd5+ 61. Kc2 Re5 
62. e3 Rc5+ 63. Kd3 Rd5+ 64. Kc2 Rc5+ 65. Kb1 Rd5 66. Rxa7 Rd1+ 67. Kc2 Rf1 
68. f4 Rf3 69. Rxh7 Rxe3 70. Rg7 Rxg3 71. h5 Rg2+ 72. Kc3 Rf2 73. Rxg6+ Kd5 
74. Rg1 Rh2 75. Kb4 Rxh5 76. Kb5 Rh8 77. Re1 Kd4 78. b4 Rb8 79. Re6 d5 
80. a4 Kd3 81. Rxb6 Rxb6+ 82. Kxb6 d4 83. a5 Ke3 84. a6 d3 85. a7 d2 
86. a8=Q d1=Q 87. Kb5 Qd3+ 88. Kb6 Kxf4 89. b5 Qe3+ 90. Kc7 Qe7+ 1/2-1/2

[Event "Friday 27 April Rapid Engine Tour 12+1 Rounds 9 Starts 1600ST"]
[Site "Infinity Chess"]
[Date "2018.4.27"]
[Round "9"]
[White "Thinker"]
[Black "Cepri"]
[Result "1/2-1/2"]
[ECO "C55"]
[WhiteElo "2447"]
[BlackElo "2393"]
[WhiteEngine "BrainFish_180418_x64_modern_CTG"]
[BlackEngine "asmfishw_25A18b_CTG"]
[EventType "Swiss"]
[WhiteTeam ""]
[BlackTeam ""]
[PlyCount "103"]
[TimeControl "720+1"]

1. e4 e5 2. Nf3 Nc6 3. Bc4 Nf6 4. d3 Bc5 5. c3 d6 6. O-O O-O 7. h3 a5 
8. Nbd2 Be6 9. Bb5 h6 10. Re1 Qb8 11. Nf1 Qa7 12. Be3 Bxe3 13. Nxe3 Ne7 
14. a4 Ng6 15. Bc4 Bxc4 16. Nxc4 Qa6 17. g3 Rfe8 18. Ne3 Qc6 19. Qb3 b6 
20. Kg2 Qb7 21. Qc4 c6 22. Qb3 Qc7 23. Nh2 Nf8 24. Rad1 Ne6 25. Qc2 d5 
26. Nf3 Rac8 27. Rd2 h5 28. h4 Qb8 29. Qb1 Nc5 30. exd5 cxd5 31. d4 e4 
32. Ne5 b5 33. axb5 Nb3 34. Qd1 Qxb5 35. Rc2 a4 36. Kh1 Qa6 37. Rg1 Nc5 
38. Nxf7 Nd3 39. Ng5 Rb8 40. Qe2 Rb3 41. f3 Reb8 42. fxe4 dxe4 43. Rf1 Rxb2 
44. Rxf6 gxf6 45. Rxb2 Rxb2 46. Qxh5 fxg5 47. Qe8+ Kh7 48. Qf7+ Kh8 49. Qf8+ Kh7 
50. Qf7+ Kh8 51. Qf8+ Kh7 52. Qf7+ 1/2-1/2

[Event "Friday 27 April Rapid Engine Tour 12+1 Rounds 9 Starts 1600ST"]
[Site "Infinity Chess"]
[Date "2018.4.27"]
[Round "9"]
[White "hafaba"]
[Black "Katzenmaier"]
[Result "1/2-1/2"]
[ECO "C65"]
[WhiteElo "2406"]
[BlackElo "2455"]
[WhiteEngine "Eman 1.70-beta21 64-bit POPCNT_CTG"]
[BlackEngine "Raubfisch X38b1"]
[EventType "Swiss"]
[WhiteTeam ""]
[BlackTeam ""]
[PlyCount "98"]
[TimeControl "720+1"]

1. e4 e5 2. Nf3 Nc6 3. Bb5 Nf6 4. O-O Nxe4 5. d4 Nd6 6. Bxc6 dxc6 7. dxe5 Nf5 
8. Qxd8+ Kxd8 9. Nc3 Bd7 10. Rd1 Kc8 11. Ng5 Be8 12. b3 b6 13. Bb2 Be7 
14. Nge4 a5 15. Rd3 Bd7 16. a4 Be6 17. Ne2 g5 18. Nd6+ Bxd6 19. exd6 Rd8 
20. Bf6 Rxd6 21. Rxd6 cxd6 22. h3 Kd7 23. g4 Ne7 24. Bxg5 Rg8 25. Bxe7 Kxe7 
26. f3 d5 27. Kf2 Kd6 28. h4 Re8 29. Rg1 c5 30. Nc3 Kc6 31. Re1 d4 32. Ne4 Bd5 
33. Nf6 Rxe1 34. Kxe1 Bxf3 35. g5 Kd6 36. Nxh7 Ke5 37. Nf6 Kf5 38. Kd2 Bc6 
39. Kd1 b5 40. axb5 Bxb5 41. c3 dxc3 42. Kc2 c4 43. Kxc3 cxb3 44. Kxb3 Kg6 
45. Kb2 Bc6 46. Kc3 Kf5 47. Kc4 a4 48. Kb4 Kg6 49. Kc3 Bf3 1/2-1/2

[Event "Friday 27 April Rapid Engine Tour 12+1 Rounds 9 Starts 1600ST"]
[Site "Infinity Chess"]
[Date "2018.4.27"]
[Round "9"]
[White "Marsell"]
[Black "Eman"]
[Result "1/2-1/2"]
[ECO "B90"]
[WhiteElo "2449"]
[BlackElo "2440"]
[WhiteEngine "BrainFish_180418_x64_bmi2"]
[BlackEngine "Eman 1.70-beta27 64-bit BMI2"]
[EventType "Swiss"]
[WhiteTeam ""]
[BlackTeam ""]
[PlyCount "133"]
[TimeControl "720+1"]

1. e4 c5 2. Nf3 d6 3. d4 cxd4 4. Nxd4 Nf6 5. Nc3 a6 6. Be3 e5 7. Nb3 Be6 
8. f3 Nbd7 9. Qd2 Be7 10. g4 O-O 11. O-O-O b5 12. g5 Nh5 13. Nd5 Bxd5 
14. exd5 f5 15. Rg1 f4 16. Bf2 Bxg5 17. Bh3 Be7 18. Na5 Kh8 19. Nc6 Qe8 
20. Qa5 Bd8 21. Qa3 Bc7 22. Qc3 Bd8 23. Nxd8 Rxd8 24. Qc7 Qe7 25. Be1 Rfe8 
26. Bb4 Ndf6 27. Qb6 a5 28. Bxa5 Rb8 29. Qc7 b4 30. a3 bxa3 31. bxa3 e4 
32. Qxe7 Rxe7 33. Bb4 Rd8 34. Rge1 g5 35. fxe4 Rxe4 36. Bc3 Kg8 37. Be6+ Kf8 
38. Bd4 Rxe1 39. Rxe1 Re8 40. c4 Kg7 41. a4 Kg6 42. Kc2 Ng7 43. a5 Ra8 
44. Ra1 Nxe6 45. dxe6 Ne8 46. Kd3 h5 47. a6 Nc7 48. e7 Kf7 49. e8=Q+ Kxe8 
50. a7 Ke7 51. Ra5 Ne6 52. Ke4 Nxd4 53. Kxd4 g4 54. Rxh5 f3 55. Rh7+ Ke6 
56. Ke3 d5 57. h3 f2 58. Kxf2 gxh3 59. c5 h2 60. c6 Rxa7 61. Rh6+ Ke5 
62. Ke3 d4+ 63. Kd2 Kd5 64. c7 Rxc7 65. Rxh2 Ra7 66. Rh1 Ra3 67. Rh6 1/2-1/2

[Event "Friday 27 April Rapid Engine Tour 12+1 Rounds 9 Starts 1600ST"]
[Site "Infinity Chess"]
[Date "2018.4.27"]
[Round "9"]
[White "KhalidOmar"]
[Black "star99"]
[Result "1/2-1/2"]
[ECO "D12"]
[WhiteElo "2442"]
[BlackElo "2455"]
[WhiteEngine "Eman 1.70-beta27 64-bit BMI2"]
[BlackEngine "Cryptic Heroes 9.4B"]
[EventType "Swiss"]
[WhiteTeam ""]
[BlackTeam ""]
[PlyCount "43"]
[TimeControl "720+1"]

1. d4 d5 2. c4 c6 3. Nf3 Nf6 4. e3 Bf5 5. Be2 e6 6. O-O Nbd7 7. Nh4 dxc4 
8. Bxc4 Bd6 9. Nxf5 exf5 10. Qb3 O-O 11. Qxb7 Bxh2+ 12. Kxh2 Ng4+ 13. Kh3 Qg5 
14. g3 Qh5+ 15. Kg2 Qh2+ 16. Kf3 Nb6 17. Bd3 Rae8 18. Nc3 Qh5 19. Kg2 Qh2+ 
20. Kf3 Qh5 21. Kg2 Qh2+ 22. Kf3 1/2-1/2

[Event "Friday 27 April Rapid Engine Tour 12+1 Rounds 9 Starts 1600ST"]
[Site "Infinity Chess"]
[Date "2018.4.27"]
[Round "9"]
[White "Victorious"]
[Black "HerzsjeMZ"]
[Result "1/2-1/2"]
[ECO "C50"]
[WhiteElo "2506"]
[BlackElo "2450"]
[WhiteEngine "asmFishW_2018-04-24_popcnt"]
[BlackEngine "BrainFish_180423_x64_modern"]
[EventType "Swiss"]
[WhiteTeam ""]
[BlackTeam ""]
[PlyCount "80"]
[TimeControl "720+1"]

1. e4 e5 2. Nf3 Nc6 3. Bc4 Bc5 4. O-O Nf6 5. d3 d6 6. c3 O-O 7. Bb3 h6 
8. Nbd2 Re8 9. Re1 Ng4 10. Re2 Nf6 11. h3 a6 12. Nf1 Ba7 13. Re1 Be6 14. Bc2 d5 
15. Qe2 d4 16. Ng3 Nd7 17. Bd2 b5 18. a4 Qe7 19. Nf5 Bxf5 20. exf5 Qd6 
21. Qe4 Nf6 22. Qh4 b4 23. cxb4 Nxb4 24. Bxb4 Qxb4 25. a5 Qxb2 26. Ba4 Re7 
27. Nh2 e4 28. Ng4 e3 29. Nxf6+ gxf6 30. Rac1 Rd8 31. f4 Rd6 32. Qxh6 Qa3 
33. Bc2 Qxa5 34. Qh5 Rb6 35. Re2 Qc5 36. g4 Re8 37. Qh6 Qf8 38. Qh5 Qc5 
39. Qh6 Qf8 40. Qh5 Qc5 1/2-1/2

[Event "Friday 27 April Rapid Engine Tour 12+1 Rounds 9 Starts 1600ST"]
[Site "Infinity Chess"]
[Date "2018.4.27"]
[Round "9"]
[White "xeonrocks"]
[Black "angriff"]
[Result "1/2-1/2 "]
[ECO "C55"]
[WhiteElo "2536"]
[BlackElo "2417"]
[WhiteEngine "Stockfish_x64_bmi2_CTG"]
[BlackEngine "DracoREX 3.07 64BIT POPCNT_CTG"]
[EventType "Swiss"]
[WhiteTeam ""]
[BlackTeam ""]
[PlyCount "212"]
[TimeControl "720+1"]

1. e4 e5 2. Nf3 Nc6 3. Bc4 Nf6 4. d3 Bc5 5. O-O d6 6. c3 a5 7. Nbd2 O-O 
8. Re1 h6 9. h3 Be6 10. Bb5 Qb8 11. Re2 Qa7 12. Nf1 a4 13. Ng3 Qa5 14. Bxc6 bxc6 
15. Nh4 Rfe8 16. Re1 d5 17. exd5 Nxd5 18. Rxe5 Bd6 19. Re2 Bxg3 20. fxg3 a3 
21. c4 axb2 22. Bxb2 Nc3 23. Bxc3 Qxc3 24. Kh2 Ra3 25. Rd2 c5 26. Rb1 Bd7 
27. Rbb2 Qd4 28. Qf1 Qe3 29. Nf5 Qg5 30. Rf2 Rea8 31. h4 Qf6 32. Rbd2 Be6 
33. Nd6 Qe7 34. Nb5 R3a5 35. d4 cxd4 36. Nxd4 Ra3 37. Qe2 c5 38. Nb5 R3a6 
39. Qe5 Rc8 40. Rf3 Rca8 41. Rff2 Rc8 42. Nc3 Qc7 43. Qe4 Rd6 44. Nb5 Rxd2 
45. Nxc7 Rxf2 46. Qe3 Rf5 47. g4 Rf6 48. g5 hxg5 49. hxg5 Rg6 50. Qxc5 Bf5 
51. Qe7 Be6 52. a4 Bxc4 53. Qc5 Bd3 54. a5 Rd8 55. a6 Bxa6 56. Nd5 Kh8 
57. Ne7 Re6 58. Qb4 Bd3 59. Qh4+ Bh7 60. g6 fxg6 61. Nxg6+ Rxg6 62. Qxd8+ Bg8 
63. Kg1 Rh6 64. g3 Kh7 65. Qd3+ Kh8 66. Kf2 Be6 67. Ke3 Kg8 68. Qd8+ Kf7 
69. Qc7+ Kf6 70. Qd8+ Kg6 71. Kf3 Kf5 72. Qc7 Kf6 73. Ke3 Bh3 74. Qf4+ Kg6 
75. Kd4 Bf5 76. Kd5 Bh3 77. Qe3 Kf7 78. Qe5 Kf8 79. Qe2 Kf7 80. Qe4 Be6+ 
81. Kd4 Bh3 82. Qa8 Kg6 83. Ke3 Be6 84. Kd4 Kf7 85. Qa3 Rg6 86. Qf3+ Ke7 
87. Qg2 Rg4+ 88. Kd3 Rg6 89. Qf3 Rg4 90. Qf2 Ke8 91. Qe1 Kf7 92. Qe5 Rc4 
93. Qh5+ Kf6 94. Qh8 Kf7 95. Qh5+ Kf8 96. Qg5 Rc8 97. Ke2 Kg8 98. Qe7 Bc4+ 
99. Kd1 Bf7 100. Qd6 Bh5+ 101. Kd2 Bg4 102. Qd5+ Kf8 103. Qd6+ Kg8 104. Qe5 Bh3 
105. Qd5+ Kf8 106. Ke2 Re8+ 1/2-1/2

[Event "Friday 27 April Rapid Engine Tour 12+1 Rounds 9 Starts 1600ST"]
[Site "Infinity Chess"]
[Date "2018.4.27"]
[Round "9"]
[White "coreoptimist"]
[Black "Pirate"]
[Result "1/2-1/2"]
[ECO "B32"]
[WhiteElo "2370"]
[BlackElo "2571"]
[WhiteEngine "asmFishW_2018-04-25_bmi2_CTG"]
[BlackEngine "asmFishW_IX_bmi2_CTG"]
[EventType "Swiss"]
[WhiteTeam ""]
[BlackTeam ""]
[PlyCount "104"]
[TimeControl "720+1"]

1. e4 c5 2. Nf3 Nc6 3. d4 cxd4 4. Nxd4 e5 5. Nb5 d6 6. c4 Nf6 7. N5c3 a6 
8. Be2 Be6 9. Be3 g6 10. Na3 Bg7 11. Nc2 O-O 12. O-O Rc8 13. f3 Nh5 14. Qd2 Nf4 
15. Rfd1 Nxe2+ 16. Qxe2 f5 17. Rd2 Qc7 18. Rad1 Rfe8 19. Nd5 Bxd5 20. cxd5 Nd8 
21. Na3 Nf7 22. Rc2 Qa5 23. Qd2 Qd8 24. Rxc8 Qxc8 25. h3 Rf8 26. Rc1 Qd8 
27. Qf2 fxe4 28. fxe4 Ng5 29. Qc2 Bh6 30. Qe2 Nf7 31. Nc4 b5 32. Nd2 Bf4 
33. Rc3 Qg5 34. Nf3 Bxe3+ 35. Qxe3 Qxe3+ 36. Rxe3 Rc8 37. Ra3 Rc1+ 38. Kh2 Rc4 
39. Rxa6 Rxe4 40. Rb6 b4 41. Kg1 Rf4 42. Ne1 Rd4 43. Kf1 Rxd5 44. Rxb4 Ng5 
45. Rb7 Ne6 46. a4 Rd1 47. a5 Ra1 48. b4 Nf4 49. Kf2 Nd5 50. Nc2 Ra2 
51. Kf3 Rxc2 52. a6 Ra2 1/2-1/2

[Event "Friday 27 April Rapid Engine Tour 12+1 Rounds 9 Starts 1600ST"]
[Site "Infinity Chess"]
[Date "2018.4.27"]
[Round "8"]
[White "KQRBNP"]
[Black "Thinker"]
[Result "1/2-1/2"]
[ECO "C50"]
[WhiteElo "2327"]
[BlackElo "2452"]
[WhiteEngine "Eman 1.70-beta27 64-bit POPCNT"]
[BlackEngine "BrainFish_180418_x64_modern_CTG"]
[EventType "Swiss"]
[WhiteTeam ""]
[BlackTeam ""]
[PlyCount "109"]
[TimeControl "720+1"]

1. e4 e5 2. Nf3 Nc6 3. Bc4 Bc5 4. d3 Nf6 5. c3 d6 6. O-O O-O 7. Re1 a5 8. h3 h6 
9. Bb3 Bd7 10. d4 Ba7 11. Bc2 Re8 12. a4 exd4 13. cxd4 Nb4 14. Nc3 Nxc2 
15. Qxc2 c6 16. Bd2 d5 17. e5 Nh7 18. Ne2 Bb6 19. Qd3 Nf8 20. Ng3 c5 
21. dxc5 Bxc5 22. Qxd5 Ne6 23. Ne4 Bc6 24. Qc4 Bd5 25. Qe2 b6 26. Bc3 Ra7 
27. Nxc5 bxc5 28. Rad1 Rd7 29. Rd2 Bxf3 30. Rxd7 Qxd7 31. Qxf3 Qxa4 32. Qe4 Nd4 
33. f4 Rb8 34. f5 Qc2 35. g4 Qxe4 36. Rxe4 Rb3 37. Re3 Rb8 38. Re4 Rb3 
39. Kf1 Kf8 40. f6 Kg8 41. h4 Nb5 42. Bxa5 Rxb2 43. Rc4 gxf6 44. exf6 Ra2 
45. Be1 Nd4 46. Rxc5 Nf3 47. Bc3 Nxh4 48. Rh5 Nf3 49. Rxh6 Rc2 50. Bb4 Nh2+ 
51. Ke1 Nxg4 52. Rh5 Nxf6 53. Rg5+ Kh8 54. Rc5 Rxc5 55. Bxc5 1/2-1/2

[Event "Friday 27 April Rapid Engine Tour 12+1 Rounds 9 Starts 1600ST"]
[Site "Infinity Chess"]
[Date "2018.4.27"]
[Round "8"]
[White "Katzenmaier"]
[Black "ocirema"]
[Result "1/2-1/2 "]
[ECO "A20"]
[WhiteElo "2456"]
[BlackElo "2435"]
[WhiteEngine "Raubfisch X38b1"]
[BlackEngine "asmFishW_2018-04-24_popcnt"]
[EventType "Swiss"]
[WhiteTeam ""]
[BlackTeam ""]
[PlyCount "114"]
[TimeControl "720+1"]

1. c4 e5 2. g3 Nf6 3. Bg2 d5 4. cxd5 Nxd5 5. Nc3 Nb6 6. e3 Nc6 7. Nge2 h5 
8. O-O h4 9. d4 hxg3 10. fxg3 Bg4 11. a4 a5 12. Qc2 Qd7 13. dxe5 O-O-O 
14. Bxc6 bxc6 15. Nd4 Bh3 16. Rd1 Bb4 17. Bd2 Nc4 18. Rac1 Rh6 19. Ne4 Qd5 
20. Bxb4 Nxe3 21. Nc3 Qc4 22. Qd3 Qxd3 23. Rxd3 axb4 24. Rxe3 Rxd4 25. Ne4 Be6 
26. Nc5 Rd2 27. Nxe6 Rxe6 28. Rb3 Rd4 29. Rc5 Kb7 30. a5 Ka6 31. Kf2 Rd2+ 
32. Kf3 Rd5 33. Rxd5 cxd5 34. Rxb4 Rxe5 35. Rg4 g6 36. b4 Re1 37. Rf4 Kb5 
38. Kg4 f5+ 39. Kf3 Ra1 40. h4 c6 41. Ke3 Ra3+ 42. Kf2 Rd3 43. g4 fxg4 
44. Rxg4 Ra3 45. Rxg6 Kxb4 46. h5 d4 47. a6 Rxa6 48. h6 Ra2+ 49. Kg3 Ra3+ 
50. Kg4 Ra7 51. Rxc6 d3 52. Rd6 Kc3 53. Rc6+ Kb2 54. Rf6 d2 55. Rb6+ Kc2 
56. Rc6+ Kb1 57. Rd6 Kc1 1/2-1/2

[Event "Friday 27 April Rapid Engine Tour 12+1 Rounds 9 Starts 1600ST"]
[Site "Infinity Chess"]
[Date "2018.4.27"]
[Round "8"]
[White "Cepri"]
[Black "Marsell"]
[Result "1/2-1/2"]
[ECO "C55"]
[WhiteElo "2391"]
[BlackElo "2451"]
[WhiteEngine "asmfishw_25A18b_CTG"]
[BlackEngine "BrainFish_180418_x64_bmi2"]
[EventType "Swiss"]
[WhiteTeam ""]
[BlackTeam ""]
[PlyCount "130"]
[TimeControl "720+1"]

1. e4 e5 2. Nf3 Nc6 3. Bc4 Nf6 4. d3 Bc5 5. O-O d6 6. c3 O-O 7. Bg5 h6 8. Bh4 a6 
9. a4 g5 10. Bg3 Ba7 11. Nbd2 Nh7 12. h3 h5 13. Kh1 Kh8 14. b4 h4 15. Bh2 g4 
16. hxg4 Bxg4 17. b5 Na5 18. d4 exd4 19. cxd4 Bxd4 20. bxa6 bxa6 21. Rc1 Nxc4 
22. Rxc4 Bg7 23. e5 Qd7 24. exd6 cxd6 25. Rf4 h3 26. gxh3 Bh5 27. Rh4 Qf5 
28. Rg1 Rfb8 29. Bxd6 Rd8 30. Bf4 Rxd2 31. Rxh5 Qxh5 32. Bxd2 Qxh3+ 33. Nh2 Rd8 
34. Qf3 Qxf3+ 35. Nxf3 Nf6 36. Rc1 Ne4 37. Be1 Rd5 38. Rc6 a5 39. Rc4 Nd6 
40. Rc7 Kg8 41. Kg2 Kf8 42. Ra7 Nc4 43. Ra6 Ke7 44. Kf1 Kd7 45. Ke2 Nb2 
46. Bxa5 Nxa4 47. Bb4 Nc3+ 48. Kf1 Rd1+ 49. Kg2 Nd5 50. Ra7+ Ke8 51. Bd6 Bf6 
52. Be5 Bd8 53. Bg3 f6 54. Nh4 Ne7 55. Kf3 Rd4 56. Ra8 Kf7 57. Ng2 Bb6 
58. Rh8 Bc5 59. Nf4 Bd6 60. Rh7+ Kg8 61. Ne6 Rd3+ 62. Ke4 Rxg3 63. Rxe7 f5+ 
64. Kxf5 Bxe7 65. fxg3 Kf7 1/2-1/2

[Event "Friday 27 April Rapid Engine Tour 12+1 Rounds 9 Starts 1600ST"]
[Site "Infinity Chess"]
[Date "2018.4.27"]
[Round "8"]
[White "angriff"]
[Black "hafaba"]
[Result "1/2-1/2 "]
[ECO "B90"]
[WhiteElo "2417"]
[BlackElo "2406"]
[WhiteEngine "DracoREX 3.07 64BIT POPCNT_CTG"]
[BlackEngine "Eman 1.70-beta21 64-bit POPCNT_CTG"]
[EventType "Swiss"]
[WhiteTeam ""]
[BlackTeam ""]
[PlyCount "144"]
[TimeControl "720+1"]

1. e4 c5 2. Nf3 d6 3. d4 cxd4 4. Nxd4 Nf6 5. Nc3 a6 6. Be3 e6 7. f3 b5 
8. Qd2 Nbd7 9. g4 h6 10. O-O-O Bb7 11. a3 Rc8 12. h4 d5 13. Rg1 dxe4 14. g5 hxg5 
15. hxg5 Nd5 16. Nxe4 Qb6 17. g6 f6 18. b4 Nxe3 19. Qxe3 e5 20. Nf5 Qxe3+ 
21. Nxe3 Bxe4 22. fxe4 Nb6 23. Bd3 Rh3 24. Nf5 Nc4 25. Rh1 Rxh1 26. Rxh1 Nd6 
27. Kb2 Nxf5 28. exf5 Kd7 29. Kb3 Kc6 30. a4 Rd8 31. Be4+ Kb6 32. a5+ Kc7 
33. c3 Rc8 34. Rd1 Be7 35. Bf3 Re8 36. Be4 Rb8 37. Bf3 Rd8 38. Rh1 Rd3 
39. Be4 Rd2 40. Rh8 Rd8 41. Rh7 Bf8 42. Rh8 Kb8 43. Kc2 Kc7 44. Rg8 Kc8 
45. Kb3 Kb8 46. Bc6 Kc8 47. Bf3 Kb8 48. Be4 Kc7 49. Kc2 Kc8 50. Kb3 Kc7 
51. Rh8 Kb8 52. Rh7 Kc7 53. Bf3 Rd3 54. Bh1 Rd8 55. Rh5 Rb8 56. Rh4 Rc8 
57. Rh7 Rd8 58. Be4 Kc8 59. Rh3 Be7 60. Bg2 Kc7 61. Rh7 Bf8 62. Kc2 Kb8 
63. Rh4 Kc7 64. Bf3 Bd6 65. Be2 Kb7 66. Rh3 Kc7 67. Bd3 Be7 68. Rh7 Bf8 
69. Be4 Kb8 70. Rh1 Kc8 71. Bd3 Kc7 72. Rh8 Kc8 1/2-1/2

[Event "Friday 27 April Rapid Engine Tour 12+1 Rounds 9 Starts 1600ST"]
[Site "Infinity Chess"]
[Date "2018.4.27"]
[Round "8"]
[White "Eman"]
[Black "Victorious"]
[Result "1/2-1/2"]
[ECO "C77"]
[WhiteElo "2437"]
[BlackElo "2509"]
[WhiteEngine "Eman 1.70-beta27 64-bit BMI2"]
[BlackEngine "asmFishW_2018-04-24_popcnt"]
[EventType "Swiss"]
[WhiteTeam ""]
[BlackTeam ""]
[PlyCount "91"]
[TimeControl "720+1"]

1. e4 e5 2. Nf3 Nc6 3. Bb5 a6 4. Ba4 Nf6 5. O-O Be7 6. Re1 b5 7. Bb3 O-O 
8. c3 d5 9. exd5 Nxd5 10. Nxe5 Nxe5 11. Rxe5 c6 12. Re1 Bd6 13. d4 Qh4 
14. g3 Qh3 15. Qe2 Bg4 16. Qf1 Qh5 17. Nd2 Rae8 18. f3 Rxe1 19. Qxe1 Bxf3 
20. Nxf3 Qxf3 21. a4 b4 22. Bd2 Qd3 23. Rc1 bxc3 24. bxc3 Rb8 25. Bc2 Qc4 
26. Qf1 Qa2 27. Qd1 c5 28. Rb1 Rxb1 29. Qxb1 Qxb1+ 30. Bxb1 cxd4 31. cxd4 Bb4 
32. Bxb4 Nxb4 33. Kf2 a5 34. g4 Kf8 35. Be4 Ke7 36. h4 g6 37. Ke2 Kd6 38. g5 Nd5 
39. Bxd5 Kxd5 40. Kd3 Ke6 41. Ke4 f5+ 42. gxf6 Kxf6 43. Kf4 h6 44. d5 g5+ 
45. hxg5+ hxg5+ 46. Ke4 1/2-1/2

[Event "Friday 27 April Rapid Engine Tour 12+1 Rounds 9 Starts 1600ST"]
[Site "Infinity Chess"]
[Date "2018.4.27"]
[Round "8"]
[White "star99"]
[Black "xeonrocks"]
[Result "1/2-1/2"]
[ECO "C77"]
[WhiteElo "2451"]
[BlackElo "2540"]
[WhiteEngine "Cryptic Heroes 9.4B"]
[BlackEngine "Stockfish_x64_bmi2_CTG"]
[EventType "Swiss"]
[WhiteTeam ""]
[BlackTeam ""]
[PlyCount "95"]
[TimeControl "720+1"]

1. e4 e5 2. Nf3 Nc6 3. Bb5 a6 4. Ba4 Nf6 5. O-O Be7 6. Re1 b5 7. Bb3 O-O 
8. a4 b4 9. d4 d6 10. dxe5 Nxe5 11. Nxe5 dxe5 12. Qxd8 Rxd8 13. Nd2 Bc5 
14. Nf3 Ng4 15. Be3 Bxe3 16. fxe3 Rd6 17. Bd5 c6 18. Bb3 Be6 19. Rad1 Rad8 
20. Rxd6 Rxd6 21. Bxe6 fxe6 22. h3 Nf6 23. Nxe5 Nxe4 24. Rf1 g5 25. g4 c5 
26. Kg2 Rd5 27. Nc6 Rd6 28. Ne5 Rd5 29. Nc6 Kg7 30. Rg1 Kf7 31. Kf3 Nd2+ 
32. Ke2 Ne4 33. Kf3 Nf6 34. Rf1 Kg7 35. Na5 Kg6 36. Nc4 Kg7 37. Ke2 Ne4 
38. Rd1 h5 39. Rd3 hxg4 40. hxg4 Nf6 41. Kf3 Nd7 42. b3 Kf6 43. Ke4 Kg6 
44. a5 Nf6+ 45. Kf3 Nd7 46. Ke4 Nf6+ 47. Kf3 Nd7 48. Ke4 1/2-1/2

[Event "Friday 27 April Rapid Engine Tour 12+1 Rounds 9 Starts 1600ST"]
[Site "Infinity Chess"]
[Date "2018.4.27"]
[Round "8"]
[White "HerzsjeMZ"]
[Black "Pirate"]
[Result "1/2-1/2"]
[ECO "B30"]
[WhiteElo "2445"]
[BlackElo "2576"]
[WhiteEngine "BrainFish_180423_x64_modern"]
[BlackEngine "asmFishW_IX_bmi2_CTG"]
[EventType "Swiss"]
[WhiteTeam ""]
[BlackTeam ""]
[PlyCount "78"]
[TimeControl "720+1"]

1. e4 c5 2. Nf3 Nc6 3. Nc3 g6 4. d4 cxd4 5. Nxd4 Bg7 6. Be3 Nf6 7. Bc4 O-O 
8. Bb3 d6 9. f3 Qa5 10. Qd2 Nxd4 11. Bxd4 Be6 12. O-O-O b5 13. Kb1 b4 
14. Nd5 Bxd5 15. exd5 Qb5 16. Qd3 Qxd3 17. Rxd3 Nd7 18. Bxg7 Kxg7 19. Re3 Kf6 
20. Rhe1 g5 21. f4 gxf4 22. Rf1 Kg5 23. h4+ Kg4 24. Ref3 Kxh4 25. Rxf4+ Kg3 
26. Rxb4 Ne5 27. Rf5 Rh8 28. c3 Rag8 29. Bd1 f6 30. Re4 h5 31. Re2 Rg4 
32. b3 Kh2 33. g3+ Kxg3 34. Re3+ Kg2 35. c4 Rg5 36. Re2+ Kh3 37. Re3+ Kg2 
38. Re2+ Kh3 39. Re3+ Kg2 1/2-1/2